 Dungeon Crawl Stone Soup version 0.23-a0-356-g1757c6e (webtiles) character file.

1215 Numnog the Cleaver (level 8, -2/70 HPs)
             Began as a Hill Orc Fighter on Oct 21, 2018.
             Was a Follower of the Shining One.
             Splashed by a jelly's acid (9 damage)
             ... on level 6 of the Dungeon on Oct 22, 2018.
             The game lasted 00:21:33 (2979 turns).

Numnog the Cleaver (Hill Orc Fighter)               Turns: 2979, Time: 00:21:39

Health: -2/70      AC:  2    Str: 21    XL:     8   Next: 46%
Magic:  8/8        EV:  8    Int:  8    God:    the Shining One [*.....]
Gold:   217        SH: 10    Dex: 10    Spells: 7/7 levels left

rFire    . . .     SeeInvis .   a - +1 war axe
rCold    . . .     Gourm    .   c - +0 shield
rNeg     . . .     Faith    .   b - +3 scale mail
rPois    +         Spirit   .   (no helmet)
rElec    .         Reflect  .   (no cloak)
rCorr    .         Harm     .   (no gloves)
MR       .....                  (no boots)
Stlth    ..........             (no amulet)
HPRegen  0.21/turn              i - ring of poison resistance
MPRegen  0.11/turn              (no ring)

@: corroded, glowing, drained
A: no striking features
a: Renounce Religion


You were on level 6 of the Dungeon.
You worshipped the Shining One.
The Shining One was aware of your devotion.
You were hungry.

You visited 2 branches of the dungeon, and saw 7 of its levels.

You collected 217 gold pieces.

Inventory:

Hand Weapons
 a - a +1 war axe (weapon)
 e - a cursed -3 hunting sling
 g - a cursed -3 long sword
 k - a +2 dagger of protection
 o - a +1 mace of protection
Missiles
 h - 18 bolts
 j - 76 stones (quivered)
Armour
 b - a +3 scale mail (worn)
 c - a +0 shield (worn)
 l - a +0 scale mail
Jewellery
 i - a ring of poison resistance (left hand)
Scrolls
 n - a scroll of remove curse
 p - 2 scrolls of teleportation
 s - a scroll of identify
Potions
 d - 2 potions of might
 m - a potion of heal wounds
 q - a potion of cancellation {unknown}
 r - a potion of curing {unknown}
Comestibles
 f - 5 rations


   Skills:
 + Level 5.8(5.4) Fighting
 + Level 8.8(8.4) Axes
 + Level 5.5(5.1) Armour
 + Level 2.1(1.8) Dodging
 + Level 0.2(0.0) Stealth
 + Level 5.5(5.1) Shields


You had 7 spell levels left.
You didn't know any spells.
Your spell library was empty.

Dungeon Overview and Level Annotations

Branches:
Dungeon (6/15)             Temple (1/1) D:4

Altars:
Elyvilon
Fedhas
Gozag
Okawaru
Trog
Uskayaw
Xom
Zin
The Shining One


Message History

The jelly hits you but does no damage.
You hit the jelly. The acid corrodes you!
Your hands burn!
* * * LOW HITPOINT WARNING * * *
The jelly is heavily wounded.
The jelly hits you but does no damage.
You hit the jelly. The acid corrodes you!
Your hands burn!
* * * LOW HITPOINT WARNING * * *
The jelly is severely wounded.
You block the jelly's attack.
You hit the jelly but do no damage.
Your hands burn!
* * * LOW HITPOINT WARNING * * *
The jelly is severely wounded.
You block the jelly's attack.
You hit the jelly.
Your hands burn!
* * * LOW HITPOINT WARNING * * *
The jelly is severely wounded.
The jelly hits you.
* * * LOW HITPOINT WARNING * * *
You are splashed with acid!
The acid burns!
You die...

###
#########.######
........)<....<#
#########.######
#.# #.# #@# #J#
########'##
#....z....#
#.........#
.(..........#
............#
....z.......#
...####+#####


You could see a jelly.

Vanquished Creatures
  Pikel (D:4)
  A slave (D:4)
  A black bear (D:5)
  A phantom (D:6)
  A bullfrog (D:6)
  A scorpion (D:4)
  4 wights (D:6)
  A crimson imp (D:5)
  2 hounds (D:4)
  An iguana (D:4)
  A worker ant zombie (D:3)
  4 gnolls (D:3)
  7 adders
  An ooze (D:1)
  An adder skeleton (D:4)
  2 worms
  A dart slug (D:1)
  4 leopard geckos
  4 orcs
  2 ball pythons
  4 giant cockroaches
  5 goblins
  3 hobgoblins
  7 jackals (D:3)
  2 kobolds (D:3)
  10 bats
  3 frilled lizards
  A quokka skeleton (D:4)
  5 rats
  A plant (D:1)
82 creatures vanquished.

Notes
Turn   | Place    | Note
-------+----------+-------------------------------------------
     0 | D:1      | Numnog the Hill Orc Fighter began the quest for the Orb.
     0 | D:1      | Reached XP level 1. HP: 19/19 MP: 1/1
   168 | D:1      | Reached XP level 2. HP: 26/27 MP: 2/2
   506 | D:2      | Reached skill level 3 in Axes
   506 | D:2      | Reached XP level 3. HP: 18/33 MP: 3/3
   783 | D:2      | Reached skill level 1 in Dodging
  1089 | D:2      | Reached XP level 4. HP: 38/40 MP: 4/4
  1483 | D:3      | Reached XP level 5. HP: 33/46 MP: 5/5
  1488 | D:3      | Reached skill level 4 in Axes
  1953 | D:4      | Reached skill level 5 in Axes
  1953 | D:4      | Reached XP level 6. HP: 22/53 MP: 6/6
  1972 | D:4      | Found a staircase to the Ecumenical Temple.
  2009 | Temple   | Entered the Ecumenical Temple
  2015 | Temple   | Became a worshipper of the Shining One
  2034 | D:4      | Noticed a slave
  2035 | D:4      | Noticed Pikel
  2036 | D:4      | Noticed a slave
  2037 | D:4      | Noticed a slave
  2039 | D:4      | Noticed a slave
  2050 | D:4      | Killed a slave
  2076 | D:4      | Killed Pikel
  2076 | D:4      | Reached skill level 5 in Fighting
  2076 | D:4      | Reached skill level 7 in Axes
  2076 | D:4      | Reached skill level 5 in Shields
  2076 | D:4      | Reached XP level 7. HP: 15/61 MP: 7/7
  2083 | D:4      | Found a hide-covered altar of Uskayaw.
  2410 | D:5      | Entered Level 5 of the Dungeon
  2410 | D:5      | Found an iron altar of Okawaru.
  2452 | D:5      | Reached skill level 5 in Armour
  2452 | D:5      | Reached XP level 8. HP: 58/69 MP: 8/8
  2659 | D:5      | Reached skill level 8 in Axes
  2967 | D:6      | Reached * piety under the Shining One
  2979 | D:6      | Splashed by a jelly's acid

Vault maps used:
D:1:      kilobyte_arrival_exit_the_forest, hangedman_abyss_or_decor_lesser_grid
D:2:      first_ration, minmay_close_crescents
D:3:      minmay_misc_feat_room
D:4:      nicolae_overflow_hidden_temple, nicolae_overflow_crystal_walls,
          minmay_temple_entry_junction, grunt_decor_one_mirror,
          lemuel_old_faithful, uniq_pikel
D:5:      lemuel_ice_spiral_2, marbit_many_paths, okawaru_ov_weapons_minmay
D:6:      corexii_shantytown, uniq_crazy_yiuf_cottage, uniq_sigmund,
          uniq_eustachio
Temple:   eino_narrow_crystal_temple

Skill      XL: |  1  2  3  4  5  6  7  8 |
---------------+-------------------------+-----
Fighting       | 4 5 |  5.8
Axes           | 3 5 7 8 |  8.8
Dodging        | 1 2 |  2.1
Shields        | 4 5 |  5.5
Armour         | 4 5 |  5.5
Stealth        | |  0.2

Action                   |  1- 3 |  4- 6 |  7- 9 || total
-------------------------+-------+-------+-------++-------
Melee: War axe           |   129 |   173 |    58 ||   360
  Use: Scroll            |     3 |     6 |     4 ||    13
       Potion            |     2 |     1 |       ||     3
  Eat: Ration            |     1 |       |     1 ||     2
Armor: Scale mail        |   109 |    74 |    20 ||   203
Dodge: Dodged            |    72 |    56 |    12 ||   140
Block: Shield            |   146 |    96 |    28 ||   270

Table legend:
 A = Non-vault XP
 B = Vault XP
 C = Vault XP percentage of total XP
 D = Non-vault monster count
 E = Vault monster count
 F = Vault count percentage of total count
                 A         B        C        D         E       F
            +---------+---------+-------+---------+---------+-------
      Total |    1080 |     656 |  37.8 |      77 |       3 |   3.8
            +---------+---------+-------+---------+---------+-------
        D:1 |      22 |       0 |   0.0 |      11 |       0 |   0.0
        D:2 |      64 |      15 |  19.0 |      17 |       2 |  10.5
        D:3 |     144 |       0 |   0.0 |      28 |       0 |   0.0
        D:4 |     204 |     641 |  75.9 |      10 |       1 |   9.1
        D:5 |     182 |       0 |   0.0 |       4 |       0 |   0.0
        D:6 |     464 |       0 |   0.0 |       7 |       0 |   0.0
            +---------+---------+-------+---------+---------+-------
